 Dungeon Crawl Stone Soup version 0.24.0-13-gcf9b319 (webtiles) character file.

Game seed: 905583137017996690, levelgen mode: deterministic

172 southernslant the Cutter (level 5, -4/35 HPs)
             Began as a Halfling Skald on Jan 9, 2020.
             Slain by Pikel
             ... wielding a +2 whip of electrocution
              (9 damage)
             ... on level 4 of the Dungeon.
             The game lasted 00:12:20 (2443 turns).

southernslant the Cutter (Halfling Skald)           Turns: 2443, Time: 00:12:20

Health: -4/35      AC:  5    Str: 13    XL:     5   Next: 83%
Magic:  6/8        EV: 14    Int: 11    God:
Gold:   183        SH:  0    Dex: 14    Spells: 5/8 levels left

rFire    . . .     SeeInvis .   j - +1 dagger (venom)
rCold    . . .     Gourm    .   (shield restricted)
rNeg     . . .     Faith    .   n - +0 ring mail
rPois    .         Spirit   .   (no helmet)
rElec    .         Reflect  .   (no cloak)
rCorr    .         Harm     .   (no gloves)
MR       .....                  (no boots)
Stlth    +.........             (no amulet)
HPRegen  0.11/turn              (no ring)
MPRegen  0.11/turn              (no ring)

@: no status effects
A: small, mutation resistance 1
a: no special abilities


You were on level 4 of the Dungeon.
You were not hungry.

You visited 1 branch of the dungeon, and saw 4 of its levels.

You collected 183 gold pieces.

Inventory:

Hand Weapons
 j - a +1 dagger of venom (weapon)
 o - a +0 hunting sling
Missiles
 c - 122 stones (quivered)
 p - 17 sling bullets
Armour
 b - a +0 leather armour
 n - a +0 ring mail (worn)
Wands
 k - a wand of scattershot (2)
 l - a wand of clouds (6)
Scrolls
 e - a scroll of immolation {unknown}
 g - a scroll of remove curse
 h - 2 scrolls of enchant weapon {unknown}
 m - 2 scrolls of identify {unknown}
 q - 2 scrolls of magic mapping {unknown}
Potions
 a - a potion of haste {unknown}
Comestibles
 d - 5 rations
 f - 3 chunks of flesh


   Skills:
 * Level 2.7 Fighting
 + Level 3.5 Short Blades
 * Level 3.0 Armour
 * Level 3.2 Dodging
 * Level 2.3 Spellcasting
 - Level 3.2 Charms


You had 5 spell levels left.
You knew the following spells:

 Your Spells              Type           Power        Failure   Level  Hunger
a - Infusion              Chrm           #...         16%         1    ##.....
b - Song of Slaying       Chrm           #.......     22%         2    ###....

Your spell library contained the following spells:

 Spells                   Type           Power        Failure   Level  Hunger
 Shroud of Golubria       Chrm/Tloc      #.....       41%         2    ###....
 Regeneration             Chrm/Necr      #.........   65%         3    ####...
 Spectral Weapon          Hex/Chrm       #.......     65%         3    ####...


Dungeon Overview and Level Annotations

Branches:
Dungeon (4/15)
 Temple: D:4-7

Altars:
Fedhas
Xom

Annotations:
D:4 Pikel


Innate Abilities, Weirdness & Mutations

You are small and have problems with some larger weapons.
You are somewhat resistant to further mutation.


Message History

You hit Pikel but do no damage.
Pikel looks as sick as possible!
Pikel is almost dead.
Pikel closely misses you.
You barely miss Pikel.
Pikel is almost dead.
Pikel hits you with a +2 whip of electrocution.
* * * LOW HITPOINT WARNING * * *
You hit Pikel but do no damage.
Pikel looks as sick as possible!
Pikel is almost dead.
You hit Pikel.
Pikel looks as sick as possible!
Pikel is almost dead.
Pikel hits you with a +2 whip of electrocution.
* * * LOW HITPOINT WARNING * * *
You feel better. Pikel closely misses you.
You closely miss Pikel.
Pikel is almost dead.
Pikel hits you with a +2 whip of electrocution.
* * * LOW HITPOINT WARNING * * *
You are electrocuted!
You die...

#.# ... #(#
##.## .p. #p#
#p# #K# #.. #@#
#.# #.# #.# #.#
#.# #.# #.# #.#
#.# #.## #.#
#..##########<#
##.#...)......#
##.#.##########


You could see Pikel and 3 slaves.

Vanquished Creatures
  A slave (D:4)
  2 orc wizards (D:2)
  2 adders (D:3)
  3 oozes
  2 worms
  A dart slug (D:3)
  4 leopard geckos
  4 orcs
  2 giant cockroaches (D:2)
  10 goblins
  8 hobgoblins
  4 jackals
  8 kobolds
  3 quokkas
  2 ball pythons
  6 bats
  2 frilled lizards
  7 rats
71 creatures vanquished.

Notes
Turn   | Place    | Note
-------+----------+-------------------------------------------
     0 | D:1      | southernslant the Halfling Skald began the quest for the
                  | Orb.
     0 | D:1      | Reached XP level 1. HP: 14/14 MP: 3/3
   117 | D:1      | Reached XP level 2. HP: 10/19 MP: 0/4
   347 | D:1      | Reached XP level 3. HP: 16/24 MP: 5/5
   762 | D:2      | Learned a level 2 spell: Song of Slaying
   808 | D:2      | Found a shimmering altar of Xom.
  1138 | D:2      | Reached XP level 4. HP: 29/29 MP: 6/6
  1247 | D:2      | Reached XP level 5. HP: 28/35 MP: 0/8
  1673 | D:3      | Found a blossoming altar of Fedhas.
  2403 | D:4      | Noticed a slave
  2405 | D:4      | Noticed Pikel
  2407 | D:4      | Noticed a slave
  2408 | D:4      | Noticed a slave
  2413 | D:4      | Noticed a slave
  2415 | D:4      | Killed a slave
  2443 | D:4      | Slain by Pikel

Levels and vault maps discovered:
D:1:      erik_arrival_gehennom, layout_basic, st_stairs_13
D:2:      kennysheep_big_flooded_room, layout_loops_ring,
          nicolae_overflow_hidden_temple, old_standard_altar
D:3:      layout_loops_ring, first_ration, fedhas_altar_3
D:4:      layout_loops_ring, minmay_temple_entry_drinking_statues,
          gammafunk_ghost_stat_death, uniq_pikel

Skill      XL: |  1  2  3  4  5 |
---------------+----------------+-----
Fighting       | 2 |  2.7
Short Blades   | 3 |  3.5
Armour         | 2 3 |  3.0
Spellcasting   | 2 |  2.3
Dodging        | 3 |  3.2
Charms         | |  3.2

Action                   |  1- 3 |  4- 6 || total
-------------------------+-------+-------++-------
Melee: Short sword       |   108 |       ||   108
       Dagger            |     2 |   100 ||   102
 Fire: Hunting sling     |       |    67 ||    67
 Cast: Infusion          |     2 |     4 ||     6
       Song of Slaying   |     1 |       ||     1
  Use: Potion            |       |     4 ||     4
       Scroll            |       |     1 ||     1
  Eat: Chunk             |     1 |     4 ||     5
Armor: Leather armour    |    20 |    13 ||    33
       Ring mail         |       |     5 ||     5
Dodge: Dodged            |    72 |    86 ||   158
